Map: Romanticide LE

Players

ShaDoWn - Winner!

  • Race: Protoss Protoss

Rail

  • Race: Protoss Protoss

Event: DreamHack SC2 Masters 2021 Winter

VOD

Have the link to the VOD?

Description

Time

  • Played on: Oct. 1, 2021, 1:09 p.m.
  • Length: 6:12

All games in this series

Show
View Real Time Build Order
Export as new Build Order

ShaDoWn Protoss - Winner!

Build Orders:  

Get SALT Encoding   

  12  0:00  Probe  
  13  0:12  Probe  
  14  0:17  Pylon  
  14  0:24  Probe  
  15  0:35  Gateway  
  15  0:36  Probe (Chrono Boost)  
  16  0:43  Assimilator  
  16  0:46  Probe (Chrono Boost)  
  17  0:51  Probe (Chrono Boost)  
  17  0:55  Assimilator  
  18  1:03  Probe (Chrono Boost)  
  19  1:09  Gateway  
  19  1:15  Probe (Chrono Boost)  
  20  1:20  Probe (Chrono Boost)  
  20  1:25  Cybernetics Core  
  21  1:30  Probe  
  22  1:34  Pylon  
  22  1:42  Probe  
  24  1:54  Probe  
  24  2:00  Warp Gate (Chrono Boost)  
  24  2:01  Stalker x2  
  28  2:14  Pylon  
  28  2:31  Sentry  
  28  2:32  Probe  
  31  2:39  Nexus  
  31  2:44  Probe  
  31  2:48  Shield Battery  
  31  2:50  Sentry  
  34  2:56  Probe  
  35  3:05  Robotics Facility  
  35  3:08  Probe  
  36  3:16  Pylon  
  36  3:20  Probe  
  37  3:32  Probe  
  38  3:41  Sentry, Stalker  
  40  3:46  Shield Battery  
  42  3:49  Immortal (Chrono Boost)  
  42  3:55  Probe  
  47  3:58  Probe  
  49  4:11  Adept x2  
  54  4:24  Probe  
  54  4:30  Warp Prism (Chrono Boost)  
  58  4:34  Sentry  
  58  4:35  Stalker  
  58  4:36  Probe  
  58  4:38  Pylon  
  60  4:40  Probe  
  61  4:48  Pylon  
  61  4:49  Probe  
  62  4:56  Probe  
  62  4:58  Stalker  
  62  4:59  Adept  
  67  5:06  Probe  
  68  5:10  Probe  
  67  5:16  Observer  
  67  5:18  Probe  
  69  5:23  Adept x2, Probe  
  69  5:27  Pylon  
  66  5:43  Probe  
  66  5:44  Probe  
  62  5:52  Adept x2  
  62  5:53  Nexus  
  62  5:55  Probe  
  67  5:59  Probe  
  67  6:03  Forge, Twilight Council  
Show
View Real Time Build Order
Export as new Build Order

Rail Protoss 

Build Orders:  

Get SALT Encoding   

  12  0:01  Probe  
  13  0:13  Probe  
  14  0:17  Pylon  
  14  0:25  Probe (Chrono Boost)  
  15  0:37  Gateway, Probe (Chrono Boost)  
  16  0:45  Probe (Chrono Boost)  
  16  0:46  Assimilator  
  17  0:51  Probe  
  18  1:03  Probe (Chrono Boost)  
  19  1:05  Assimilator  
  19  1:08  Gateway  
  19  1:13  Probe (Chrono Boost)  
  20  1:18  Probe (Chrono Boost)  
  20  1:24  Cybernetics Core  
  21  1:29  Pylon  
  21  1:32  Probe  
  22  1:44  Probe  
  23  1:58  Warp Gate (Chrono Boost)  
  23  2:01  Stalker x2  
  23  2:08  Pylon  
  27  2:31  Probe, Stalker x2  
  32  2:51  Nexus  
  32  3:01  Stalker  
  32  3:03  Stalker  
  36  3:15  Pylon  
  36  3:22  Probe  
  37  3:34  Probe  
  37  3:39  Stalker  
  40  3:42  Shield Battery, Stalker  
  40  3:47  Twilight Council  
  42  3:55  Robotics Facility  
  42  4:03  Stalker  
  44  4:10  Stalker  
  44  4:13  Probe  
  48  4:17  Probe  
  48  4:26  Probe (Chrono Boost)  
  49  4:33  Probe (Chrono Boost)  
  50  4:40  Probe (Chrono Boost)  
  50  4:43  Observer, Probe (Chrono Boost)  
  50  4:45  Probe (Chrono Boost)  
  53  4:48  Probe (Chrono Boost)  
  53  4:50  Pylon  
  55  4:54  Probe  
  56  5:00  Probe  
  56  5:06  Probe  
  58  5:08  Pylon  
  58  5:12  Probe  
  59  5:15  Robotics Bay  
  59  5:18  Probe  
  60  5:22  Stalker x2  
  60  5:24  Pylon, Probe  
  65  5:34  Probe  
  65  5:36  Probe  
  52  5:46  Probe  
  52  5:48  Probe  
  46  5:50  Stalker x2  
  48  5:58  Probe  
  48  6:00  Probe  

Tags
 
Add a new tag
Caveats
  • Supply blocks, unpowered buildings, or Contaminate may cause inaccurate times.
  • Supply counts are checked every 10 seconds.